 Dungeon Crawl Stone Soup version 0.22-a0-815-gb582571 (webtiles) character file.

363 zishaf the Sneak (level 7, -2/43 HPs)
             Began as a Kobold Assassin on July 23, 2018.
             Killed from afar by an orc wizard (9 damage)
             ... with a magic dart
             ... on level 4 of the Dungeon.
             The game lasted 00:06:28 (3278 turns).

zishaf the Sneak (Kobold Assassin)                  Turns: 3278, Time: 00:06:28

Health: -2/43      AC:  4    Str: 11    XL:     7   Next: 0%
Magic:  7/7        EV: 16    Int: 12    God:
Gold:   161        SH:  0    Dex: 16    Spells: 6/6 levels left

rFire    . . .     SeeInvis .   a - +2 dagger
rCold    . . .     Gourm    .   (shield restricted)
rNeg     . . .     Faith    .   l - +0 leather armour
rPois    .         Spirit   .   (no helmet)
rElec    .         Reflect  .   d - +0 cloak
rCorr    .         Harm     .   (no gloves)
MR       .....                  (no boots)
Stlth    +++.......             (no amulet)
HPRegen  0.14/turn              (no ring)
MPRegen  0.10/turn              (no ring)

@: no status effects
A: small, carnivore
a: no special abilities


You were on level 4 of the Dungeon.
You were completely stuffed.

You visited 1 branch of the dungeon, and saw 4 of its levels.

You collected 161 gold pieces.

Inventory:

Hand Weapons
 a - a +2 dagger (weapon)
 b - a +0 blowgun
Missiles
 e - 10 poisoned needles
Armour
 d - a +0 cloak (worn)
 l - a +0 leather armour (worn)
Wands
 s - a wand of enslavement (11)
 u - a wand of acid (6)
Scrolls
 c - a scroll of teleportation
 i - a scroll of identify
 k - 4 scrolls of remove curse
 m - a scroll of random uselessness {unknown}
 p - 2 scrolls of amnesia
 r - 2 scrolls of fear
Potions
 h - 2 potions of lignification {unknown}
 j - 4 potions of flight {unknown}
 n - 2 potions of brilliance {unknown}
 o - a potion of degeneration {unknown}
 q - a potion of haste {unknown}
 t - a potion of heal wounds
Comestibles
 f - a chunk of flesh
 g - 4 rations


   Skills:
 + Level 4.0 Fighting
 + Level 4.9 Short Blades
 + Level 3.9 Throwing
 + Level 3.8 Dodging
 - Level 6.0 Stealth


You had 6 spell levels left.
You didn't know any spells.
Your spell library was empty.

Dungeon Overview and Level Annotations

Branches:
Dungeon (4/15)
 Temple: D:4-7

Altars:

Annotations:
D:3 thechecker02's ghost, amateur KoAs


Innate Abilities, Weirdness & Mutations

You are small and have problems with some larger weapons.
You are carnivorous and can eat meat at any time.


Message History

You hit the orc wizard but do no damage.
You hear the quick hiss of a distant avalanche of sand.
You feel less confused. The orc wizard casts a spell at you.
The magic dart hits you!
You completely miss the orc wizard.
The orc wizard casts a spell.
The orc wizard flickers and vanishes!
Deactivating autopickup; reactivate with Ctrl-A.
You closely miss something. You hit something.
You hear some strange, mumbled words.
A puff of flame appears from out of thin air!
The puff of flame hits you!
* * * LOW HITPOINT WARNING * * *
You hit something.
You hear some strange, mumbled words.
A magic dart appears from out of thin air!
The magic dart hits you!
You die...

..######..(## #..# ♣♣♣P≈≈ ###
#.... #.%.♣♣♣≈P≈≈≈ #.o.#
####.♣♣≈P≈≈≈≈≈ #..(#
#...♣≈≈≈PPP≈≈P #### #...#
#..P≈≈≈≈≈≈≈≈≈≈ ....# #...#
#..♣P≈≈≈PP≈≈≈≈ .# .####.##
#............. #####.#
#.##########..♣≈≈≈≈≈≈≈≈≈≈
......###(...oo{@.<#.≈≈≈≈≈≈≈≈≈≈≈≈
.# #......########(#[≈P≈≈≈≈≈≈≈♣♣♣
.# #......# ##.##≈≈P≈P≈≈♣♣♣ ♣
.###.####.# #....≈≈≈≈P≈≈♣
..........# #.##.≈≈≈≈≈P≈♣ ♣
.########.# #.##..♣≈≈♣≈♣P # .#
#.# #.###..P≈≈## # .# ... #.#
##..≈## .# ... #.# ##.## #


You could see an orc wizard and an orc.

Vanquished Creatures
  An orc warrior (D:4)
  2 howler monkeys
  An orc priest (D:3)
  An orc wizard (D:3)
  Ijyb (D:3)
  A worker ant (D:3)
  2 adders (D:3)
  A worm (D:2)
  7 dart slugs
  3 leopard geckos
  5 orcs
  2 ball pythons
  4 bats
  7 goblins
  6 hobgoblins
  2 frilled lizards
  5 kobolds
  2 quokka skeletons (D:4)
  7 rats
60 creatures vanquished.

Notes
Turn   | Place    | Note
-------+----------+-------------------------------------------
     0 | D:1      | zishaf the Kobold Assassin began the quest for the Orb.
     0 | D:1      | Reached XP level 1. HP: 12/12 MP: 1/1
   124 | D:1      | Reached XP level 2. HP: 17/18 MP: 2/2
   533 | D:2      | Reached XP level 3. HP: 22/22 MP: 3/3
   986 | D:2      | Reached XP level 4. HP: 27/27 MP: 4/4
  1520 | D:3      | Noticed Ijyb
  1707 | D:3      | Killed Ijyb
  1707 | D:3      | Reached skill level 6 in Stealth
  1707 | D:3      | Reached XP level 5. HP: 31/32 MP: 5/5
  2479 | D:3      | Found a runed gate.
  2479 | D:3      | Found a runed gate.
  2479 | D:3      | Found a runed gate.
  2480 | D:3      | Noticed thechecker02's ghost (amateur KoAs)
  2722 | D:4      | Noticed an orc warrior
  2735 | D:3      | Reached XP level 6. HP: 28/37 MP: 6/6
  3253 | D:4      | Killed an orc warrior
  3264 | D:4      | Reached XP level 7. HP: 18/43 MP: 7/7
  3278 | D:4      | Killed from afar by an orc wizard

Vault maps used:
D:1:      dpeg_arrival_rooms_a
D:2:      serial_curves, eino_curves_01, eino_curves_02
D:3:      ebering_ghost_rock_garden, first_ration, serial_bayou_pond_a,
          uniq_ijyb
D:4:      nicolae_ossuary_entry_ruins, serial_bayou_lagoon_b

Skill      XL: |  1  2  3  4  5  6 |
---------------+-------------------+-----
Short Blades   | 3 4 |  4.9
Dodging        | 2 3 |  3.8
Fighting       | 3 4 |  4.0
Throwing       | 3 |  3.9
Stealth        | 6 |  6.0

Action                   |  1- 3 |  4- 6 |  7- 9 || total
-------------------------+-------+-------+-------++-------
Melee: Dagger            |    73 |    99 |     5 ||   177
 Fire: Blowgun           |       |    29 |     5 ||    34
  Use: Scroll            |       |     5 |       ||     5
 Stab: Sleeping          |    15 |     7 |       ||    22
  Eat: Chunk             |     9 |     7 |       ||    16
Armor: Robe              |     7 |       |       ||     7
       Leather armour    |     4 |    11 |       ||    15
Dodge: Dodged            |    37 |    63 |       ||   100

Table legend:
 A = Spawn XP
 B = Non-spawn XP
 C = Spawn XP percentage of total XP
 D = Spawn monster count
 E = Non-spawn monster count
 F = Spawn count percentage of total count
 G = Total turns spent on level
                    A         B        C        D         E        F      G
               +---------+---------+-------+---------+---------+-------+---------
         Total |       0 |     519 |   0.0 |       0 |      60 |   0.0 |  3278
               +---------+---------+-------+---------+---------+-------+---------
           D:1 |       0 |      24 |   0.0 |       0 |      12 |   0.0 |   514
           D:2 |       0 |      53 |   0.0 |       0 |      24 |   0.0 |   979
           D:3 |       0 |     254 |   0.0 |       0 |      18 |   0.0 |  1508
           D:4 |       0 |     188 |   0.0 |       0 |       6 |   0.0 |   277
               +---------+---------+-------+---------+---------+-------+---------
